 Dungeon Crawl Stone Soup version 0.30-a0-782-ge64f9170bb (webtiles) character file.

Game seed: 8613290964209683571

189 theswoord the Skirmisher (level 5, -2/32 HPs)
             Began as a Deep Elf Hunter on Mar 14, 2023.
             Slain by an orc
             ... wielding a +0 mace
              (5 damage)
             ... on level 4 of the Dungeon.
             The game lasted 00:03:06 (2403 turns).

theswoord the Skirmisher (Deep Elf Hunter)          Turns: 2403, Time: 00:03:07

Health: -2/32      AC:  9    Str:  8    XL:     5   Next: 40%
Magic:  7/7        EV:  8    Int: 14    God:
Gold:   146        SH:  0    Dex: 20    Spells: 4/4 levels left

rFire   . . .      SeeInvis .    d - +2 shortbow (heavy)
rCold   . . .      Faith    .    (shield currently unavailable)
rNeg    + . .      Spirit   .    n - +0 scale mail
rPois   +          Reflect  .    (no helmet)
rElec   .          Harm     .    i - +1 cloak
rCorr   .          Rampage  .    l - +0 pair of gloves "Meteaptoca" {+Inv rN+}
Will    .....                    (no boots)
Stlth   +                        (no amulet)
HPRegen 0.25/turn                r - ring of poison resistance
MPRegen 0.10/turn                (no ring)

@: studying Fighting
A: no striking features
a: Evoke Invisibility


You were on level 4 of the Dungeon.
You visited 1 branch of the dungeon, and saw 4 of its levels.

You collected 146 gold pieces.

Inventory:

Hand Weapons
 a - a +0 shortbow
 d - a +2 heavy shortbow (weapon)
Armour
 c - a +0 leather armour
 i - a +1 cloak (worn)
 l - the +0 pair of gloves "Meteaptoca" (worn) {+Inv rN+}
   (You found it on level 2 of the Dungeon)

   rN:        It protects you from negative energy.
   +Inv:      It lets you turn invisible.
 n - a +0 scale mail (worn)
 p - a +2 hat
Jewellery
 r - a ring of poison resistance (left hand)
Scrolls
 b - a scroll of immolation
 e - a scroll of teleportation
 o - 5 scrolls of identify
Potions
 f - 5 potions of might
 h - a potion of flight {unknown}
 j - a potion of haste {unknown}
 k - 2 potions of mutation {unknown}
 m - a potion of lignification {unknown}
 s - a potion of brilliance {unknown}


   Skills:
 + Level 3.3 Fighting
 + Level 8.2 Ranged Weapons
 - Level 2.4 Dodging
 - Level 1.2 Stealth


You had 4 spell levels left.
You didn't know any spells.
Your spell library was empty.

Dungeon Overview and Level Annotations

Branches:
Dungeon (4/15)
 Temple: D:4-7

Altars:
Fedhas


Message History

You hear an angry hiss.
A hobgoblin comes into view.
An orc wizard comes into view. It is wielding a +0 dagger.
You shoot an arrow. The arrow hits the orc wizard!
You shoot an arrow. The arrow hits the orc wizard!
You kill the orc wizard!
Your Fighting skill increases to level 3!
Your Ranged Weapons skill increases to level 8!
You have reached level 5!
You shoot an arrow. The arrow hits the orc priest!
You shoot an arrow. The arrow hits the orc priest!
You kill the orc priest!
You shoot an arrow. The arrow hits the orc.
You shoot an arrow. The arrow closely misses the orc.
The orc barely misses you.
You shoot an arrow. The arrow hits the orc.
The orc hits you but does no damage. The hobgoblin barely misses you.
The hobgoblin hits you but does no damage.
The orc priest mumbles some strange prayers to Beogh against you.
Beogh smites you! The orc hits you with a +0 mace.
* * * LOW HITPOINT WARNING * * *
You shoot an arrow.
The arrow hits the orc but does no damage.
The orc hits you but does no damage.
The hobgoblin hits you but does no damage.
The orc hits you with a +0 mace.
* * * LOW HITPOINT WARNING * * *
The orc hits you with a +0 club.
* * * LOW HITPOINT WARNING * * *
The orc priest hits you with a +2 flail of protection.
* * * LOW HITPOINT WARNING * * *
The hobgoblin hits you but does no damage.
The orc hits you but does no damage.
It was a potion of curing.
You feel better. The orc hits you with a +0 club.
* * * LOW HITPOINT WARNING * * *
The orc priest hits you with a +2 flail of protection!
* * * LOW HITPOINT WARNING * * *
The hobgoblin hits you but does no damage.
The orc hits you with a +0 mace.
You die...

.#. .. .. ..
#.. #. .##.?
.) ......
.#### #....#
....#..
#.....#o......
#..†.o@o#
......g.##
........#
§§.......
§≈..##... §§§.
#...# §§.
..... §§ .....


You could see an orc priest, 2 orcs and a hobgoblin.

Vanquished Creatures
  An orc priest (D:4)
  Crazy Yiuf (D:3)
  An orc wizard (D:4)
  A gnoll (D:1)
  3 adders (D:3)
  2 worms
  2 dart slugs
  4 ball pythons
  3 endoplasms
  3 giant cockroaches (D:3)
  4 goblins
  5 hobgoblins
  4 jackals (D:1)
  7 quokkas
  7 bats
  3 frilled lizards
  4 kobolds
  5 rats
60 creatures vanquished.

Vanquished Creatures (others)
  A fungus (D:4)
1 creature vanquished.

Grand Total: 61 creatures vanquished

Notes
Turn   | Place    | Note
-------+----------+-------------------------------------------
     0 | D:1      | theswoord the Deep Elf Hunter began the quest for the Orb.
     0 | D:1      | Reached XP level 1. HP: 12/12 MP: 3/3
    85 | D:1      | Reached skill level 6 in Ranged Weapons
    85 | D:1      | Reached XP level 2. HP: 16/16 MP: 4/4
   525 | D:1      | Reached XP level 3. HP: 16/20 MP: 5/5
   796 | D:2      | Reached skill level 7 in Ranged Weapons
  1019 | D:2      | Identified the +0 pair of gloves "Meteaptoca" {+Inv rN+}
  1095 | D:3      | Identified a scroll of acquirement
  1095 | D:3      | Acquired a +2 heavy shortbow
  1573 | D:3      | Reached XP level 4. HP: 25/25 MP: 6/6
  1575 | D:3      | Acquired a manual of Fighting
  1748 | D:3      | Found a blossoming altar of Fedhas.
  1843 | D:3      | Found a runed translucent door.
  1844 | D:3      | Noticed Crazy Yiuf
  2346 | D:3      | Killed Crazy Yiuf
  2397 | D:4      | Reached skill level 8 in Ranged Weapons
  2397 | D:4      | Reached XP level 5. HP: 32/32 MP: 7/7
  2403 | D:4      | Slain by an orc

Skill      XL: |  1  2  3  4 |
---------------+-------------+-----
Ranged Weapons | 6 7 8 |  8.2
Fighting       | 3 |  3.3
Dodging        | |  2.4
Stealth        | |  1.2

Action                     |  1- 3 |  4- 6 || total
---------------------------+-------+-------++-------
   Fire: Shortbow          |    98 |    34 ||   132
    Use: Scroll            |     5 |     2 ||     7
         Potion            |       |     1 ||     1
 Armour: Leather armour    |     6 |       ||     6
         Scale mail        |       |    14 ||    14
  Dodge: Dodged            |    24 |     4 ||    28

Levels and vault maps discovered:
D:1:      wander_arrival_desolate, layout_loops_corners,
          dreamdust_princess_corridor
D:2:      minmay_alternating_diamond, layout_loops_ring
D:3:      layout_loops_corners, amcnicky_altar_gilded, corexii_leaking_fountain,
          uniq_crazy_yiuf_cottage
D:4:      layout_cave_pools, mainiacjoe_overflow_chevrons
